 Dungeon Sprint DCSS version 0.29-a0-973-gac7da5f7f0 (webtiles) character file.

Game seed: 9166839921703025843

61 mhtbhm the Poker (level 4, 0/54 HPs)
             Began as a Merfolk Gladiator on July 31, 2022.
             Slain by an ogre
             ... wielding a +0 giant spiked club
              (17 damage)
             ... in the Dungeon (Sprint IX: "|||||||||||||||||||||||||||||").
             The game lasted 00:00:14 (187 turns).

mhtbhm the Poker (Merfolk Gladiator)                 Turns: 187, Time: 00:00:15

Health: 0/54       AC:  4    Str: 16    XL:     4   Next: 7%
Magic:  4/4        EV: 15    Int:  7    God:
Gold:   0          SH:  0    Dex: 15    Spells: 3/3 levels left

rFire   . . .      SeeInvis .   a - +0 trident
rCold   . . .      Faith    .   (no shield)
rNeg    . . .      Spirit   .   b - +0 leather armour
rPois   .          Reflect  .   c - +0 helmet
rElec   .          Harm     .   (no cloak)
rCorr   .          Rampage  .   (no gloves)
Will    .....      NoTele   +   (no boots)
Stlth   ..........              (no amulet)
HPRegen 0.18/turn               (no ring)
MPRegen 0.09/turn               (no ring)

@: berserking (expiring), very quick
A: (nimble swimmer 2), mertail
a: no special abilities


You were in the Dungeon.
You visited 1 branch

Inventory:

Hand Weapons
 a - a +0 trident (weapon)
Missiles
 d - 3 throwing nets (quivered)
 e - a javelin
Armour
 b - a +0 leather armour (worn)
 c - a +0 helmet (worn)
Scrolls
 k - a scroll of blinking
Potions
 f - a potion of curing
 g - a potion of heal wounds
 h - a potion of haste
 i - 2 potions of magic


   Skills:
 + Level 3.6 Fighting
 + Level 7.4 Polearms
 + Level 2.7 Throwing
 + Level 0.9 Armour
 + Level 7.1 Dodging


You had 3 spell levels left.
You didn't know any spells.
Your spell library was empty.

Dungeon Overview and Level Annotations

Branches:
Dungeon (1/1)

Altars:


Innate Abilities, Weirdness & Mutations

((You are very nimble when in or above water. (Stealth+, EV+, Speed+++)))
Your lower body shifts to a powerful aquatic tail in water.


Message History

You kill the iguana!
Your Fighting skill increases to level 3!
Your Polearms skill gained 2 levels and is now at level 6!
Your Dodging skill increases to level 6!
You have reached level 2!
You have reached level 3!
Your experience leads to an increase in your attributes!
Increase (S)trength, (I)ntelligence, or (D)exterity?
You feel stronger. x2
Reach: a) +0 trident
Press: ? - help, Dir - move target, f - gnoll bouda
Aim: a gnoll bouda, wielding a +0 club and wearing a +0 leather armour (about 35% to evade your +0 trident)
You reach to attack!
You barely miss the gnoll bouda.
Unknown command.
You barely miss the gnoll bouda. The gnoll bouda misses you.
You hit the gnoll bouda.
The gnoll bouda is lightly wounded.
You hit the gnoll bouda but do no damage.
The gnoll bouda is lightly wounded.
The gnoll bouda misses you.
You puncture the gnoll bouda!
The gnoll bouda is heavily wounded.
The gnoll bouda barely misses you.
You puncture the gnoll bouda!
The gnoll bouda is almost dead.
You barely miss the gnoll bouda.
The gnoll bouda is almost dead.
The gnoll bouda hits you with a +0 club.
You hit the gnoll bouda.
You kill the gnoll bouda!
Your Polearms skill increases to level 7!
Your Dodging skill increases to level 7!
You have reached level 4!
You puncture the ogre!
The ogre is moderately wounded.
You hit the ogre.
The ogre is heavily wounded.
Your attacks no longer feel as feeble.
The ogre hits you with a +0 giant spiked club!
You die...

▓.▓
▓.▓
▓.▓
▓)▓
▓.▓
▓.▓
▓.▓
▓.▓
▓@▓
▓O▓
▓S▓
▓O▓
▓.▓
▓.▓
▓.▓
▓+▓


You could see 2 ogres and an adder.

Vanquished Creatures
  A gnoll bouda (D)
  An iguana (D)
  A ball python (D)
  An endoplasm (D)
  A giant cockroach (D)
  A kobold (D)
  A rat (D)
7 creatures vanquished.

Notes
Turn   | Place    | Note
-------+----------+-------------------------------------------
     0 | D        | mhtbhm the Merfolk Gladiator began the quest for the Orb.
     0 | D        | Reached XP level 1. HP: 16/16 MP: 1/1
    21 | D        | Reached skill level 5 in Dodging
   167 | D        | Noticed an iguana
   167 | D        | Noticed a gnoll bouda
   167 | D        | Noticed an ogre
   167 | D        | Noticed an ogre
   177 | D        | Killed an iguana
   178 | D        | Reached XP level 2. HP: 13/24 MP: 2/2
   178 | D        | Reached XP level 3. HP: 15/29 MP: 3/3
   186 | D        | Reached XP level 4. HP: 16/36 MP: 4/4
   187 | D        | Slain by an ogre

Illustrated notes

Levels and vault maps discovered:
D:        linesprint [early_d, line_temple, items_1, d_10, items_2, lair_1,
          lair_end, items_3, orc_1, orc_end, items_4, d_15, swamp_1, shoals_1,
          snake_1, spider_1, d_20, vaults_1, items_5, swamp_end, shoals_end,
          snake_end, spider_end, vaults_end, d_27, items_6, zot_1, zot_end,
          crypt_end, forest_end, elf_end, slime_end, tomb_end, abyss_end,
          pan_hell_end]

Skill      XL: |  1  2  3 |
---------------+----------+-----
Dodging        | 6 7 |  7.1
Fighting       | 3 |  3.6
Polearms       | 6 7 |  7.4
Throwing       | |  2.7
Armour         | |  0.9

Action                   |  1- 3 |  4- 6 || total
-------------------------+-------+-------++-------
Melee: Trident           |    34 |     2 ||    36
  Use: Potion            |     1 |       ||     1
Armor: Leather armour    |     2 |       ||     2
Dodge: Dodged            |    16 |       ||    16

Table legend: (Time is in decaauts)
 A = Elapsed time spent in this place.
 B = Non-inter-level travel time spent in this place.
 C = Inter-level travel time spent in this place.
 D = Time resting spent in this place.
 E = Time spent auto-exploring this place.
 F = Levels seen in this place.
 G = Mean time per level.
                   A        B        C        D        E       F      G
               +--------+--------+--------+--------+--------+-----+--------+
         Total |    182 |    182 |      0 |    140 |      3 |   1 |  182.0 |
       Dungeon |    182 |    182 |      0 |    140 |      3 |   1 |  182.0 |
               +--------+--------+--------+--------+--------+-----+--------+

Top non-repeatable levels by time:
       D: 182 daAuts
